cohdb
Replays
Latest Replays
All Replays
Popular Replays
Top Player Replays
Match Explorer
How It Works
Community
CoH3 Stats
Reddit
Sign in to upload your games and track your stats! →
Sign in with Steam
Match 42029137
Unlisted
Match 42029137
Overview
Messages
Build Orders
End
Kradschützen Motorcycle Team
Panzergrenadier Squad
250 Light Carrier
Panzergrenadier Squad
Kradschützen Motorcycle Team
Panzergrenadier Squad
Panzergrenadier Squad
Construct Light Support Kompanie
2.5-tonne Medical Truck
MG34 Team
Construct Mechanized Kompanie
Panzerjäger Mechanized Group
Veteran Squad Leaders
Construct Panzerarmee Kommand
Construct Panzerarmee Kommand
Armored Reserves
StuG Assault Group
Selects Armored Support Battlegroup
Selects Veteran Gunners
Selects Salvage Kits
Selects Panzer Storm
Selects Stuka Anti-tank Loiter
(502) Bad Gateway
BIGFAN
0
0
Comments
sign in to comment!
No comments posted yet!